[ PARTIDA AOE2 · #505076042 ]
UnrankedMaya vs Cumans
[ ANÁLISIS DE REPETICIÓN · EXTRAÍDO DE LA PARTIDA GRABADA ]
Feudal
10:52
Castillos
20:49
Imperial
41:55
| APM promedio | 46.9 |
| APM pico | 93 |
| eAPM promedio | 26.0 |
| Aldeanos / militares | 239 / 1355 |
Foco
⚔️ 36.9% · 🌾 63.1%
Archer ×566 · Spearman ×458 · Skirmisher ×221 · Eagle Scout ×87 · Fishing Ship ×26 · Battering Ram ×16
Feudal
9:16
Castillos
25:05
Imperial
39:35
| APM promedio | 22.4 |
| APM pico | 82 |
| eAPM promedio | 13.5 |
| Aldeanos / militares | 196 / 1000 |
Foco
⚔️ 37.7% · 🌾 62.3%
Knight ×387 · Spearman ×343 · Skirmisher ×263 · Monk ×4 · Mangonel ×3
Feudal
11:44
Castillos
18:38
Imperial
31:35
| APM promedio | 13.2 |
| APM pico | 35 |
| eAPM promedio | 10.4 |
| Aldeanos / militares | 141 / 962 |
Foco
⚔️ 40.5% · 🌾 59.5%
Spearman ×771 · Skirmisher ×107 · Fishing Ship ×74 · Samurai ×40 · Genitour ×29 · Mangonel ×5
Feudal
12:10
Castillos
20:38
Imperial
40:37
| APM promedio | 16.9 |
| APM pico | 55 |
| eAPM promedio | 10.8 |
| Aldeanos / militares | 150 / 807 |
Foco
⚔️ 44.3% · 🌾 55.7%
Militia ×537 · Scorpion ×177 · Centurion ×46 · Battering Ram ×42 · Trade Cart ×37 · Trebuchet (Packed) ×4
Feudal
12:05
Castillos
22:01
Imperial
41:57
| APM promedio | 43.9 |
| APM pico | 101 |
| eAPM promedio | 23.8 |
| Aldeanos / militares | 125 / 1503 |
Foco
⚔️ 45.0% · 🌾 55.0%
Camel Scout ×833 · Scout Cavalry ×206 · Genitour ×151 · Knight ×123 · Spearman ×111 · Fishing Ship ×48
Feudal
11:31
Castillos
20:35
Imperial
40:57
| APM promedio | 13.6 |
| APM pico | 55 |
| eAPM promedio | 9.1 |
| Aldeanos / militares | 109 / 930 |
Foco
⚔️ 46.0% · 🌾 54.0%
Knight ×250 · Tarkan ×140 · Spearman ×135 · Militia ×132 · Cavalry Archer ×125 · Scout Cavalry ×95
Feudal
11:38
Castillos
17:55
Imperial
38:06
| APM promedio | 23.7 |
| APM pico | 67 |
| eAPM promedio | 12.9 |
| Aldeanos / militares | 301 / 950 |
Foco
⚔️ 29.9% · 🌾 70.1%
Scout Cavalry ×559 · Archer ×377 · Hand Cannoneer ×5 · Trade Cog ×3 · Trebuchet (Packed) ×3 · Trade Cart ×2
Feudal
11:53
Castillos
17:05
Imperial
36:19
| APM promedio | 33.6 |
| APM pico | 118 |
| eAPM promedio | 16.8 |
| Aldeanos / militares | 148 / 979 |
Foco
⚔️ 72.4% · 🌾 27.6%
Scout Cavalry ×610 · Cavalry Archer ×197 · Tarkan ×168 · Fishing Ship ×9 · Monk ×2 · Demolition Raft ×2
Mapa de la partida
Recursos iniciales + cada clic de construcción. Líneas = muros · curvas = relieve. ◆ oro · ⬟ piedra · ● bayas · ✦ reliquia · ◌ hueco del cierre
Tu base· Abierta — hueco de 4t
Base de bertcoleman1010· Abierta — hueco de 4t
Base de Spicy Meatball· Abierta — flanco sin cerrar
Base de TheWeirdStranger· Abierta — flanco sin cerrar
Base de mm_ken· Abierta — hueco de 5t
Base de Emko· Abierta — flanco sin cerrar
Base de 拿起鼠标就是兵· Abierta — flanco sin cerrar
Base de dddenes· Abierta — flanco sin cerrar
Terreno inicial suavizado · ◌ = hueco del cierre detectado · pasá el cursor para detalles
Inputs por minuto
— CDLP_Themachine - - bertcoleman1010
Build order — CDLP_Themachine
Primeras 150 de 823 acciones detectadas
| 0:03 | Encolar | Villager (Male) |
| 0:04 | Encolar | Villager (Male) |
| 0:04 | Encolar | Villager (Male) |
| 0:04 | Encolar | Villager (Male) |
| 1:20 | Encolar | Villager (Male) |
| 1:20 | Encolar | Villager (Male) |
| 1:23 | Construir | Lumber Camp |
| 1:49 | Encolar | Villager (Male) |
| 1:50 | Encolar | Villager (Male) |
| 2:01 | Encolar | Villager (Male) |
| 2:01 | Encolar | Villager (Male) |
| 2:28 | Construir | House |
| 2:42 | Encolar | Villager (Male) |
| 2:42 | Encolar | Villager (Male) |
| 2:43 | Encolar | Villager (Male) |
| 3:01 | Investigar | Loom |
| 3:08 | Encolar | Villager (Male) |
| 3:08 | Encolar | Villager (Male) |
| 3:19 | Construir | Mill |
| 3:40 | Encolar | Villager (Male) |
| 3:40 | Encolar | Villager (Male) |
| 4:16 | Encolar | Villager (Male) |
| 4:16 | Encolar | Villager (Male) |
| 5:14 | Encolar | Villager (Male) |
| 5:14 | Encolar | Villager (Male) |
| 5:14 | Encolar | Villager (Male) |
| 5:14 | Encolar | Villager (Male) |
| 5:15 | Encolar | Villager (Male) |
| 5:45 | Construir | House |
| 7:16 | Construir | Dock |
| 7:22 | Encolar | Villager (Male) |
| 7:22 | Encolar | Villager (Male) |
| 7:22 | Encolar | Villager (Male) |
| 7:23 | Encolar | Villager (Male) |
| 7:23 | Encolar | Villager (Male) |
| 7:38 | Construir | Lumber Camp |
| 7:52 | Construir | House |
| 8:42 | Investigar | Feudal Age |
| 8:49 | Construir | Mining Camp |
| 9:16 | Encolar | Fishing Ship |
| 9:47 | Construir | Barracks |
| 9:59 | Construir | Palisade Wall |
| 10:52 | Edad | Edad Feudal |
| 10:57 | Construir | Blacksmith |
| 11:04 | Construir | Archery Range |
| 11:18 | Investigar | Wheelbarrow |
| 11:46 | Investigar | Double-Bit Axe |
| 11:48 | Encolar | Archer |
| 11:48 | Encolar | Archer |
| 12:17 | Construir | Palisade Wall |
| 12:22 | Construir | Palisade Wall |
| 12:32 | Construir | House |
| 12:40 | Investigar | Fletching |
| 12:41 | Encolar | Archer |
| 12:42 | Encolar | Archer |
| 13:07 | Encolar | Spearman |
| 13:09 | Encolar | Villager (Male) |
| 13:09 | Encolar | Villager (Male) |
| 13:10 | Encolar | Villager (Male) |
| 13:15 | Construir | Palisade Wall |
| 13:36 | Encolar | Spearman |
| 13:56 | Construir | Farm |
| 14:10 | Construir | Farm |
| 14:15 | Encolar | Fishing Ship |
| 14:16 | Encolar | Fishing Ship |
| 14:16 | Encolar | Fishing Ship |
| 14:16 | Encolar | Fishing Ship |
| 14:16 | Encolar | Fishing Ship |
| 14:17 | Encolar | Fishing Ship |
| 14:18 | Encolar | Villager (Male) |
| 14:21 | Encolar | Archer |
| 14:21 | Encolar | Archer |
| 14:31 | Construir | Farm |
| 14:58 | Construir | House |
| 14:58 | Construir | House |
| 15:44 | Encolar | Fishing Ship |
| 15:45 | Encolar | Fishing Ship |
| 15:45 | Encolar | Fishing Ship |
| 16:07 | Construir | Market |
| 16:11 | Construir | Palisade Wall |
| 16:33 | Encolar | Villager (Male) |
| 16:33 | Encolar | Villager (Male) |
| 17:08 | Construir | House |
| 17:15 | Construir | Palisade Gate |
| 17:31 | Construir | Archery Range |
| 17:41 | Construir | Farm |
| 17:42 | Construir | Farm |
| 18:09 | Investigar | Castle Age |
| 19:07 | Construir | Farm |
| 19:20 | Construir | Mining Camp |
| 19:24 | Construir | House |
| 19:26 | Construir | House |
| 19:34 | Encolar | Archer ×5 |
| 19:34 | Encolar | Archer ×5 |
| 19:38 | Investigar | Gold Mining |
| 19:45 | Encolar | Fishing Ship |
| 19:45 | Encolar | Fishing Ship |
| 20:27 | Encolar | Spearman |
| 20:27 | Encolar | Spearman |
| 20:32 | Construir | Fish Trap |
| 20:49 | Edad | Edad de los Castillos |
| 20:53 | Investigar | Crossbowman (upgrade) |
| 21:13 | Construir | Town Center |
| 21:45 | Investigar | Bow Saw |
| 21:46 | Encolar | Villager (Male) |
| 21:46 | Encolar | Villager (Male) |
| 21:47 | Encolar | Villager (Male) |
| 21:47 | Encolar | Villager (Male) |
| 21:47 | Encolar | Villager (Male) |
| 21:47 | Encolar | Villager (Male) |
| 21:47 | Encolar | Villager (Male) |
| 21:48 | Encolar | Villager (Male) |
| 22:14 | Encolar | Spearman |
| 22:15 | Encolar | Spearman |
| 22:46 | Encolar | Archer ×5 |
| 22:46 | Encolar | Archer ×5 |
| 22:47 | Encolar | Archer ×2 |
| 23:30 | Investigar | Bodkin Arrow |
| 23:34 | Construir | Fish Trap |
| 23:57 | Encolar | Monk |
| 24:00 | Construir | House |
| 24:01 | Construir | House |
| 24:05 | Construir | University |
| 24:15 | Encolar | Villager (Male) |
| 24:15 | Encolar | Villager (Male) |
| 24:15 | Encolar | Villager (Male) |
| 24:15 | Encolar | Villager (Male) |
| 24:15 | Encolar | Villager (Male) |
| 24:16 | Encolar | Villager (Male) |
| 24:16 | Encolar | Villager (Male) |
| 24:16 | Encolar | Villager (Male) |
| 24:16 | Encolar | Villager (Male) |
| 24:21 | Construir | House |
| 24:22 | Construir | House |
| 24:25 | Encolar | Villager (Male) |
| 24:25 | Encolar | Villager (Male) |
| 24:25 | Encolar | Villager (Male) |
| 25:14 | Investigar | Thumb Ring |
| 26:18 | Construir | Siege Workshop |
| 26:24 | Construir | House |
| 26:25 | Construir | House |
| 26:33 | Construir | Town Center |
| 26:55 | Investigar | Tech 906 |
| 27:15 | Construir | House |
| 27:16 | Construir | House |
| 27:17 | Construir | House |
| 27:51 | Construir | Barracks |
| 27:58 | Investigar | Pikeman (upgrade) |
| 27:59 | Encolar | Spearman ×5 |
| 27:59 | Encolar | Spearman ×5 |
Build order — bertcoleman1010
Primeras 150 de 807 acciones detectadas
| 0:01 | Encolar | Villager (Male) |
| 0:04 | Construir | House |
| 0:06 | Construir | House |
| 0:12 | Construir | House |
| 0:14 | Encolar | Villager (Male) |
| 0:14 | Encolar | Villager (Male) |
| 0:14 | Encolar | Villager (Male) |
| 0:15 | Encolar | Villager (Male) |
| 1:33 | Encolar | Villager (Male) |
| 1:33 | Encolar | Villager (Male) |
| 1:55 | Encolar | Villager (Male) |
| 2:31 | Encolar | Villager (Male) |
| 2:31 | Encolar | Villager (Male) |
| 2:48 | Encolar | Villager (Male) |
| 3:19 | Encolar | Villager (Male) |
| 3:19 | Encolar | Villager (Male) |
| 3:34 | Encolar | Villager (Male) |
| 3:35 | Encolar | Villager (Male) |
| 4:01 | Encolar | Villager (Male) |
| 4:19 | Construir | Lumber Camp |
| 4:24 | Encolar | Villager (Male) |
| 4:25 | Encolar | Villager (Male) |
| 4:25 | Encolar | Villager (Male) |
| 4:25 | Encolar | Villager (Male) |
| 5:18 | Encolar | Villager (Male) |
| 6:02 | Construir | Mill |
| 6:04 | Encolar | Villager (Male) |
| 6:34 | Investigar | Loom |
| 7:01 | Investigar | Feudal Age |
| 8:58 | Encolar | Villager (Male) |
| 9:16 | Edad | Edad Feudal |
| 9:21 | Construir | Town Center |
| 9:30 | Encolar | Villager (Male) |
| 9:42 | Investigar | Double-Bit Axe |
| 9:56 | Construir | House |
| 9:59 | Construir | House |
| 10:01 | Construir | House |
| 10:15 | Construir | House |
| 10:17 | Construir | House |
| 10:20 | Encolar | Villager (Male) |
| 10:23 | Encolar | Villager (Male) |
| 10:51 | Encolar | Villager (Male) |
| 11:16 | Encolar | Villager (Male) |
| 11:27 | Encolar | Villager (Male) |
| 11:37 | Construir | Farm |
| 11:38 | Construir | Farm |
| 11:40 | Encolar | Villager (Male) |
| 12:12 | Encolar | Villager (Male) |
| 12:14 | Encolar | Villager (Male) |
| 12:37 | Encolar | Villager (Male) |
| 12:39 | Encolar | Villager (Male) |
| 12:54 | Encolar | Villager (Male) |
| 13:03 | Construir | House |
| 13:09 | Construir | Farm |
| 13:10 | Construir | Farm |
| 13:10 | Construir | Farm |
| 13:11 | Construir | Farm |
| 13:15 | Encolar | Villager (Male) |
| 13:48 | Construir | Market |
| 13:54 | Construir | Barracks |
| 13:56 | Encolar | Villager (Male) |
| 13:57 | Encolar | Villager (Male) |
| 13:58 | Encolar | Villager (Male) |
| 13:59 | Encolar | Villager (Male) |
| 14:10 | Encolar | Villager (Male) |
| 14:15 | Encolar | Villager (Male) |
| 14:35 | Construir | House |
| 15:17 | Construir | House |
| 15:18 | Construir | House |
| 15:20 | Encolar | Villager (Male) |
| 15:20 | Encolar | Villager (Male) |
| 15:42 | Construir | House |
| 15:46 | Encolar | Villager (Male) |
| 15:47 | Encolar | Villager (Male) |
| 15:52 | Construir | House |
| 15:53 | Construir | House |
| 16:02 | Construir | Mining Camp |
| 16:11 | Construir | House |
| 16:13 | Construir | House |
| 16:14 | Construir | House |
| 16:16 | Construir | House |
| 16:28 | Encolar | Villager (Male) |
| 16:28 | Encolar | Villager (Male) |
| 17:06 | Encolar | Villager (Male) |
| 17:27 | Construir | Watch Tower |
| 17:31 | Encolar | Villager (Male) |
| 17:50 | Construir | Farm |
| 17:51 | Construir | Farm |
| 17:52 | Construir | Farm |
| 17:52 | Construir | Farm |
| 17:52 | Construir | Farm |
| 17:53 | Construir | Farm |
| 17:53 | Construir | Farm |
| 17:53 | Construir | Farm |
| 17:53 | Construir | Farm |
| 18:24 | Encolar | Villager (Male) |
| 18:24 | Encolar | Villager (Male) |
| 18:44 | Construir | Mining Camp |
| 18:55 | Encolar | Villager (Male) |
| 18:56 | Encolar | Villager (Male) |
| 19:23 | Construir | Mining Camp |
| 19:24 | Encolar | Villager (Male) |
| 19:25 | Encolar | Villager (Male) |
| 19:49 | Encolar | Villager (Male) |
| 19:50 | Encolar | Villager (Male) |
| 20:20 | Encolar | Villager (Male) |
| 20:33 | Construir | Farm |
| 20:34 | Construir | Farm |
| 20:36 | Encolar | Villager (Male) |
| 20:37 | Encolar | Villager (Male) |
| 20:37 | Encolar | Villager (Male) |
| 20:46 | Investigar | Horse Collar |
| 20:53 | Investigar | Gold Mining |
| 20:55 | Encolar | Villager (Male) |
| 20:56 | Encolar | Villager (Male) |
| 21:18 | Construir | Stable |
| 21:40 | Construir | Farm |
| 21:43 | Encolar | Villager (Male) |
| 21:44 | Encolar | Villager (Male) |
| 22:15 | Construir | Blacksmith |
| 22:23 | Encolar | Villager (Male) |
| 22:25 | Investigar | Castle Age |
| 22:29 | Investigar | Stone Mining |
| 22:42 | Construir | Watch Tower |
| 22:46 | Encolar | Villager (Male) |
| 23:25 | Encolar | Villager (Male) |
| 23:26 | Encolar | Villager (Male) |
| 24:19 | Investigar | Bloodlines |
| 24:28 | Investigar | Scale Barding Armor |
| 24:28 | Investigar | Forging |
| 24:30 | Encolar | Villager (Male) |
| 25:05 | Edad | Edad de los Castillos |
| 25:07 | Construir | Farm |
| 25:07 | Construir | Farm |
| 25:08 | Construir | Farm |
| 25:08 | Construir | Farm |
| 25:08 | Construir | Farm |
| 25:08 | Construir | Farm |
| 25:09 | Construir | Farm |
| 25:09 | Construir | Farm |
| 25:09 | Construir | Farm |
| 25:09 | Construir | Farm |
| 25:17 | Construir | Castle |
| 25:24 | Encolar | Villager (Male) |
| 25:25 | Encolar | Villager (Male) |
| 25:27 | Encolar | Villager (Male) |
| 25:28 | Encolar | Villager (Male) |
| 26:25 | Construir | Farm |
| 26:25 | Construir | Farm |
| 26:25 | Construir | Farm |
Build order — Spicy Meatball
Primeras 150 de 819 acciones detectadas
| 0:01 | Encolar | Villager (Male) |
| 0:01 | Encolar | Villager (Male) |
| 0:04 | Construir | House |
| 0:06 | Construir | House |
| 0:08 | Construir | House |
| 0:08 | Encolar | Villager (Male) |
| 0:22 | Encolar | Villager (Male) |
| 1:21 | Construir | Lumber Camp |
| 1:27 | Encolar | Villager (Male) |
| 2:06 | Encolar | Villager (Male) |
| 2:27 | Encolar | Villager (Male) |
| 3:10 | Encolar | Villager (Male) |
| 3:23 | Encolar | Villager (Male) |
| 3:44 | Construir | Mill |
| 3:51 | Encolar | Villager (Male) |
| 4:22 | Encolar | Villager (Male) |
| 4:39 | Encolar | Villager (Male) |
| 4:55 | Encolar | Villager (Male) |
| 5:24 | Encolar | Villager (Male) |
| 5:48 | Construir | Barracks |
| 5:55 | Encolar | Villager (Male) |
| 6:22 | Encolar | Villager (Male) |
| 6:54 | Encolar | Villager (Male) |
| 7:10 | Construir | House |
| 7:13 | Encolar | Villager (Male) |
| 7:36 | Construir | Barracks |
| 7:43 | Encolar | Villager (Male) |
| 8:27 | Construir | Dock |
| 8:30 | Encolar | Villager (Male) |
| 8:57 | Investigar | Loom |
| 9:25 | Construir | Palisade Wall |
| 9:31 | Encolar | Villager (Male) |
| 9:34 | Investigar | Feudal Age |
| 10:00 | Encolar | Villager (Male) |
| 10:29 | Encolar | Fishing Ship |
| 10:30 | Encolar | Fishing Ship |
| 10:31 | Encolar | Fishing Ship |
| 11:02 | Construir | Mining Camp |
| 11:17 | Construir | Palisade Gate |
| 11:25 | Encolar | Villager (Male) |
| 11:29 | Encolar | Fishing Ship |
| 11:44 | Edad | Edad Feudal |
| 12:00 | Construir | House |
| 12:06 | Construir | House |
| 12:11 | Construir | Palisade Wall |
| 12:15 | Encolar | Villager (Male) |
| 12:35 | Encolar | Villager (Male) |
| 12:43 | Encolar | Fishing Ship |
| 12:44 | Encolar | Fishing Ship |
| 12:51 | Construir | Farm |
| 12:51 | Construir | Farm |
| 12:51 | Construir | Farm |
| 12:52 | Construir | Farm |
| 13:10 | Construir | Blacksmith |
| 13:19 | Encolar | Villager (Male) |
| 13:35 | Construir | Mill |
| 13:51 | Encolar | Villager (Male) |
| 14:15 | Encolar | Villager (Male) |
| 14:21 | Encolar | Fishing Ship |
| 14:38 | Construir | Market |
| 14:43 | Encolar | Villager (Male) |
| 14:59 | Encolar | Fishing Ship |
| 15:01 | Encolar | Villager (Male) |
| 15:18 | Encolar | Villager (Male) |
| 15:39 | Encolar | Fishing Ship |
| 15:56 | Investigar | Castle Age |
| 16:06 | Construir | House |
| 16:07 | Construir | House |
| 16:09 | Construir | House |
| 16:11 | Construir | House |
| 16:12 | Construir | House |
| 16:13 | Construir | House |
| 16:15 | Construir | House |
| 16:31 | Construir | House |
| 16:50 | Encolar | Villager (Male) |
| 16:55 | Encolar | Spearman |
| 16:56 | Encolar | Spearman |
| 16:56 | Encolar | Spearman |
| 16:56 | Encolar | Spearman |
| 16:59 | Encolar | Spearman |
| 16:59 | Encolar | Spearman |
| 17:13 | Construir | House |
| 17:27 | Encolar | Villager (Male) |
| 17:31 | Encolar | Fishing Ship |
| 18:06 | Encolar | Villager (Male) |
| 18:25 | Encolar | Villager (Male) |
| 18:38 | Edad | Edad de los Castillos |
| 18:41 | Encolar | Monk |
| 18:56 | Construir | Stone Wall |
| 19:02 | Investigar | Pikeman (upgrade) |
| 19:05 | Investigar | Squires |
| 19:08 | Investigar | Gambesons |
| 19:10 | Encolar | Villager (Male) |
| 19:11 | Encolar | Villager (Male) |
| 19:51 | Construir | Mining Camp |
| 19:54 | Encolar | Villager (Male) |
| 20:00 | Investigar | Double-Bit Axe |
| 20:05 | Investigar | Scale Mail Armor |
| 20:10 | Encolar | Spearman |
| 20:12 | Encolar | Spearman |
| 20:40 | Investigar | Horse Collar |
| 20:50 | Construir | Farm |
| 20:50 | Construir | Farm |
| 20:51 | Construir | Farm |
| 21:01 | Construir | Farm |
| 21:01 | Construir | Farm |
| 21:01 | Construir | Farm |
| 21:02 | Construir | Farm |
| 21:02 | Construir | Farm |
| 21:24 | Construir | Dock |
| 21:29 | Encolar | Villager (Male) |
| 21:41 | Construir | Farm |
| 21:44 | Encolar | Villager (Male) |
| 22:02 | Encolar | Villager (Male) |
| 22:10 | Encolar | Spearman |
| 22:13 | Encolar | Spearman |
| 22:23 | Construir | Farm |
| 22:25 | Encolar | Villager (Male) |
| 22:34 | Construir | Farm |
| 22:49 | Encolar | Villager (Male) |
| 22:52 | Encolar | Villager (Male) |
| 22:57 | Encolar | Spearman |
| 23:00 | Encolar | Spearman |
| 23:12 | Investigar | Tech 906 |
| 23:16 | Encolar | Fishing Ship |
| 23:36 | Encolar | Spearman |
| 23:38 | Encolar | Spearman |
| 23:52 | Encolar | Villager (Male) |
| 23:57 | Encolar | Villager (Male) |
| 24:00 | Encolar | Militia |
| 24:03 | Encolar | Spearman |
| 24:05 | Encolar | Spearman |
| 24:09 | Investigar | Chain Mail Armor |
| 24:15 | Investigar | Forging |
| 24:18 | Encolar | Villager (Male) |
| 24:40 | Encolar | Villager (Male) |
| 24:56 | Construir | Farm |
| 24:56 | Construir | Farm |
| 24:56 | Construir | Farm |
| 25:00 | Construir | Mill |
| 25:12 | Encolar | Spearman |
| 25:14 | Encolar | Spearman |
| 25:42 | Encolar | Villager (Male) |
| 25:43 | Encolar | Villager (Male) |
| 26:04 | Encolar | Villager (Male) |
| 26:05 | Encolar | Villager (Male) |
| 26:14 | Encolar | Militia |
| 26:17 | Encolar | Spearman |
| 26:19 | Encolar | Spearman |
| 26:26 | Encolar | Villager (Male) |
Build order — TheWeirdStranger
Primeras 150 de 489 acciones detectadas
| 0:03 | Construir | House |
| 0:05 | Construir | House |
| 0:07 | Encolar | Villager (Male) ×4 |
| 2:17 | Encolar | Villager (Male) |
| 2:17 | Encolar | Villager (Male) |
| 2:18 | Encolar | Villager (Male) |
| 2:18 | Encolar | Villager (Male) |
| 3:07 | Encolar | Villager (Male) ×2 |
| 3:46 | Construir | Lumber Camp |
| 3:48 | Investigar | Loom |
| 3:50 | Encolar | Villager (Male) ×2 |
| 4:23 | Encolar | Villager (Male) ×2 |
| 4:49 | Encolar | Villager (Male) |
| 6:23 | Encolar | Villager (Male) |
| 6:25 | Encolar | Villager (Male) |
| 6:26 | Encolar | Villager (Male) |
| 6:27 | Encolar | Villager (Male) |
| 6:42 | Construir | Mill |
| 8:03 | Encolar | Villager (Male) |
| 8:03 | Encolar | Villager (Male) |
| 8:29 | Construir | House |
| 8:30 | Construir | House |
| 8:32 | Construir | House |
| 9:12 | Encolar | Villager (Male) |
| 10:00 | Investigar | Feudal Age |
| 10:26 | Encolar | Villager (Male) ×4 |
| 10:52 | Construir | Barracks |
| 11:06 | Construir | Barracks |
| 11:10 | Construir | House |
| 11:14 | Construir | House |
| 11:17 | Construir | House |
| 11:52 | Encolar | Villager (Male) ×5 |
| 11:57 | Encolar | Villager (Male) |
| 12:10 | Edad | Edad Feudal |
| 12:27 | Investigar | Horse Collar |
| 12:43 | Construir | Mining Camp |
| 13:05 | Investigar | Man-at-Arms (upgrade) |
| 13:28 | Investigar | Double-Bit Axe |
| 13:33 | Investigar | Gold Mining |
| 14:43 | Investigar | Wheelbarrow |
| 15:35 | Construir | Market |
| 15:42 | Construir | Blacksmith |
| 17:58 | Investigar | Castle Age |
| 18:40 | Construir | Farm |
| 18:41 | Construir | Farm |
| 18:42 | Construir | Farm |
| 18:43 | Construir | Farm |
| 18:44 | Construir | Farm |
| 18:45 | Construir | Farm |
| 18:46 | Construir | Farm |
| 18:57 | Construir | Farm |
| 18:58 | Construir | Farm |
| 18:59 | Construir | Farm |
| 19:05 | Construir | Farm |
| 19:06 | Construir | Farm |
| 19:07 | Construir | Farm |
| 19:08 | Construir | Farm |
| 19:09 | Construir | Farm |
| 19:10 | Construir | Farm |
| 19:11 | Construir | Farm |
| 19:11 | Construir | Farm |
| 19:13 | Construir | Farm |
| 19:43 | Encolar | Militia |
| 19:43 | Encolar | Militia |
| 19:45 | Encolar | Militia |
| 19:45 | Encolar | Militia |
| 20:14 | Encolar | Militia |
| 20:15 | Encolar | Militia |
| 20:17 | Encolar | Militia |
| 20:19 | Encolar | Militia |
| 20:38 | Edad | Edad de los Castillos |
| 20:39 | Encolar | Monk |
| 20:45 | Investigar | Forging |
| 20:45 | Investigar | Scale Mail Armor |
| 21:05 | Construir | Town Center |
| 21:23 | Construir | Town Center |
| 21:30 | Encolar | Villager (Male) ×5 |
| 21:54 | Encolar | Militia |
| 21:55 | Encolar | Militia |
| 21:55 | Encolar | Militia |
| 21:56 | Encolar | Militia |
| 22:11 | Encolar | Villager (Male) |
| 22:11 | Encolar | Villager (Male) |
| 22:11 | Encolar | Villager (Male) |
| 22:11 | Encolar | Villager (Male) |
| 22:12 | Encolar | Villager (Male) |
| 22:45 | Investigar | Scale Mail Armor |
| 22:54 | Encolar | Villager (Male) |
| 22:54 | Encolar | Villager (Male) |
| 23:01 | Encolar | Villager (Male) |
| 23:04 | Encolar | Villager (Male) |
| 23:24 | Encolar | Villager (Male) |
| 23:24 | Encolar | Villager (Male) |
| 23:25 | Encolar | Villager (Male) |
| 23:25 | Encolar | Villager (Male) |
| 23:52 | Investigar | Long Swordsman (upgrade) |
| 24:33 | Construir | House |
| 24:34 | Construir | House |
| 24:39 | Construir | House |
| 24:40 | Construir | House |
| 24:42 | Construir | House |
| 24:43 | Construir | House |
| 24:44 | Construir | House |
| 24:47 | Construir | House |
| 25:20 | Investigar | Heavy Plow |
| 25:25 | Investigar | Chain Mail Armor |
| 25:52 | Encolar | Villager (Male) ×5 |
| 25:56 | Encolar | Villager (Male) ×5 |
| 26:02 | Encolar | Villager (Male) |
| 26:03 | Encolar | Villager (Male) |
| 26:03 | Encolar | Villager (Male) |
| 26:08 | Encolar | Villager (Male) |
| 26:18 | Encolar | Villager (Male) |
| 26:27 | Construir | Gate |
| 26:31 | Construir | Stone Wall |
| 26:32 | Construir | Stone Wall |
| 26:37 | Construir | Stone Wall |
| 26:42 | Construir | Stone Wall |
| 26:44 | Construir | Stone Wall |
| 26:48 | Encolar | Militia |
| 26:48 | Encolar | Militia |
| 26:49 | Encolar | Militia |
| 26:49 | Encolar | Militia |
| 26:56 | Investigar | Squires |
| 27:07 | Construir | Mining Camp |
| 27:13 | Investigar | Stone Mining |
| 27:25 | Encolar | Militia |
| 27:26 | Encolar | Militia |
| 27:38 | Encolar | Trade Cart ×5 |
| 27:49 | Investigar | Bow Saw |
| 28:12 | Construir | Gate |
| 28:15 | Construir | Stone Wall |
| 28:18 | Construir | Stone Wall |
| 28:26 | Investigar | Gold Shaft Mining |
| 28:41 | Construir | Gate |
| 28:45 | Construir | Stone Wall |
| 28:46 | Construir | Stone Wall |
| 28:56 | Construir | House |
| 28:57 | Construir | House |
| 28:58 | Construir | House |
| 29:08 | Construir | House |
| 29:10 | Construir | House |
| 29:12 | Construir | House |
| 29:17 | Construir | Gate |
| 29:19 | Construir | Gate |
| 29:23 | Construir | Stone Wall |
| 29:25 | Construir | Stone Wall |
| 29:28 | Construir | Stone Wall |
| 29:32 | Construir | Stone Wall |
| 29:36 | Construir | Stone Wall |
Build order — mm_ken
Primeras 150 de 913 acciones detectadas
| 0:03 | Encolar | Villager (Male) |
| 0:03 | Encolar | Villager (Male) |
| 0:03 | Encolar | Villager (Male) |
| 0:04 | Encolar | Villager (Male) |
| 0:04 | Encolar | Villager (Male) |
| 0:07 | Construir | House |
| 0:09 | Construir | House |
| 2:21 | Encolar | Villager (Male) |
| 2:21 | Encolar | Villager (Male) |
| 2:21 | Encolar | Villager (Male) |
| 2:21 | Encolar | Villager (Male) |
| 2:48 | Encolar | Villager (Male) |
| 3:12 | Encolar | Villager (Male) |
| 3:41 | Encolar | Villager (Male) |
| 3:41 | Encolar | Villager (Male) |
| 3:50 | Encolar | Villager (Male) |
| 3:50 | Encolar | Villager (Male) |
| 4:18 | Construir | Lumber Camp |
| 5:10 | Encolar | Villager (Male) |
| 5:10 | Encolar | Villager (Male) |
| 5:10 | Encolar | Villager (Male) |
| 5:13 | Encolar | Villager (Male) |
| 5:23 | Encolar | Villager (Male) |
| 5:23 | Encolar | Villager (Male) |
| 5:24 | Encolar | Villager (Male) |
| 5:27 | Investigar | Loom |
| 5:57 | Encolar | Villager (Male) |
| 5:57 | Encolar | Villager (Male) |
| 5:57 | Encolar | Villager (Male) |
| 6:06 | Investigar | Loom |
| 6:07 | Encolar | Villager (Male) |
| 6:07 | Encolar | Villager (Male) |
| 6:41 | Construir | Mill |
| 6:48 | Encolar | Villager (Male) |
| 6:49 | Encolar | Villager (Male) |
| 6:49 | Encolar | Villager (Male) |
| 6:49 | Encolar | Villager (Male) |
| 7:25 | Investigar | Loom |
| 7:25 | Encolar | Villager (Male) |
| 7:25 | Encolar | Villager (Male) |
| 7:25 | Encolar | Villager (Male) |
| 7:26 | Encolar | Villager (Male) |
| 7:54 | Encolar | Villager (Male) |
| 7:55 | Encolar | Villager (Male) |
| 7:55 | Encolar | Villager (Male) |
| 7:55 | Encolar | Villager (Male) |
| 8:05 | Construir | House |
| 8:09 | Construir | House |
| 8:22 | Construir | Lumber Camp |
| 9:00 | Construir | House |
| 9:12 | Encolar | Villager (Male) |
| 9:14 | Investigar | Feudal Age |
| 9:24 | Construir | Dock |
| 10:09 | Encolar | Fishing Ship |
| 10:09 | Encolar | Fishing Ship |
| 10:41 | Construir | Dock |
| 10:46 | Encolar | Fishing Ship |
| 10:47 | Encolar | Fishing Ship |
| 10:48 | Encolar | Villager (Male) |
| 10:48 | Encolar | Villager (Male) |
| 10:48 | Encolar | Villager (Male) |
| 10:48 | Encolar | Villager (Male) |
| 11:21 | Construir | Mining Camp |
| 11:33 | Encolar | Fishing Ship |
| 11:33 | Encolar | Fishing Ship |
| 11:43 | Encolar | Fishing Ship |
| 11:43 | Encolar | Fishing Ship |
| 11:43 | Encolar | Fishing Ship |
| 12:05 | Edad | Edad Feudal |
| 12:09 | Encolar | Fishing Ship |
| 12:09 | Encolar | Fishing Ship |
| 12:24 | Investigar | Double-Bit Axe |
| 12:25 | Investigar | Double-Bit Axe |
| 13:09 | Construir | Lumber Camp |
| 13:27 | Encolar | Fishing Ship |
| 13:27 | Encolar | Fishing Ship |
| 13:38 | Investigar | Town Watch |
| 13:43 | Investigar | Gold Mining |
| 14:06 | Construir | House |
| 14:07 | Construir | House |
| 14:09 | Construir | House |
| 14:20 | Encolar | Villager (Male) |
| 14:21 | Encolar | Villager (Male) |
| 14:21 | Encolar | Villager (Male) |
| 14:21 | Encolar | Villager (Male) |
| 14:27 | Construir | Barracks |
| 14:39 | Encolar | Fishing Ship |
| 14:40 | Encolar | Fishing Ship |
| 15:10 | Investigar | Tech 906 |
| 15:26 | Construir | Barracks |
| 15:30 | Encolar | Spearman ×3 |
| 15:30 | Encolar | Spearman ×3 |
| 15:50 | Encolar | Fishing Ship |
| 15:50 | Encolar | Fishing Ship |
| 15:51 | Encolar | Fishing Ship |
| 16:38 | Encolar | Fishing Ship |
| 16:39 | Encolar | Fishing Ship |
| 16:39 | Encolar | Fishing Ship |
| 16:49 | Construir | Fish Trap |
| 16:51 | Construir | Fish Trap |
| 16:52 | Construir | Fish Trap |
| 17:09 | Construir | Watch Tower |
| 17:43 | Encolar | Villager (Male) |
| 17:43 | Encolar | Villager (Male) |
| 17:47 | Construir | Blacksmith |
| 18:22 | Construir | Lumber Camp |
| 18:28 | Construir | Market |
| 18:39 | Encolar | Villager (Male) |
| 18:40 | Encolar | Villager (Male) |
| 18:40 | Encolar | Villager (Male) |
| 18:40 | Encolar | Villager (Male) |
| 18:40 | Encolar | Villager (Male) |
| 18:54 | Construir | Fish Trap |
| 18:57 | Encolar | Trade Cart |
| 18:59 | Encolar | Trade Cart |
| 19:01 | Encolar | Villager (Male) |
| 19:15 | Construir | House |
| 19:17 | Construir | House |
| 19:18 | Construir | House |
| 19:21 | Investigar | Castle Age |
| 19:29 | Construir | Dock |
| 19:33 | Construir | Dock |
| 19:42 | Construir | Fish Trap |
| 19:44 | Construir | Fish Trap |
| 19:50 | Construir | Fish Trap |
| 19:56 | Construir | Fish Trap |
| 19:59 | Construir | Fish Trap |
| 20:15 | Encolar | Militia |
| 20:24 | Investigar | Scale Barding Armor |
| 20:24 | Investigar | Forging |
| 20:33 | Construir | Fish Trap |
| 20:40 | Construir | Fish Trap |
| 20:42 | Construir | Fish Trap |
| 20:45 | Construir | Fish Trap |
| 20:49 | Encolar | Trade Cog ×4 |
| 20:49 | Encolar | Trade Cog ×4 |
| 21:06 | Encolar | Spearman ×5 |
| 21:06 | Encolar | Spearman ×5 |
| 21:06 | Encolar | Spearman ×5 |
| 21:19 | Construir | Lumber Camp |
| 21:37 | Investigar | Forging |
| 21:49 | Encolar | Trade Cog ×3 |
| 21:49 | Encolar | Trade Cog ×3 |
| 22:01 | Edad | Edad de los Castillos |
| 22:05 | Encolar | Monk |
| 22:06 | Encolar | Monk |
| 22:13 | Construir | Monastery |
| 22:19 | Investigar | Pikeman (upgrade) |
| 22:19 | Investigar | Squires |
| 22:23 | Investigar | Squires |
Build order — Emko
Primeras 150 de 530 acciones detectadas
| 0:02 | Encolar | Villager (Male) |
| 0:02 | Investigar | Loom |
| 0:02 | Encolar | Villager (Male) |
| 0:03 | Encolar | Villager (Male) |
| 0:03 | Encolar | Villager (Male) |
| 1:58 | Encolar | Villager (Male) |
| 2:14 | Construir | Lumber Camp |
| 2:33 | Encolar | Villager (Male) |
| 2:34 | Encolar | Villager (Male) |
| 2:34 | Encolar | Villager (Male) |
| 3:01 | Encolar | Villager (Male) |
| 3:02 | Encolar | Villager (Male) |
| 4:05 | Encolar | Villager (Male) |
| 4:05 | Encolar | Villager (Male) |
| 4:05 | Encolar | Villager (Male) |
| 4:06 | Encolar | Villager (Male) |
| 4:48 | Encolar | Villager (Male) |
| 4:48 | Encolar | Villager (Male) |
| 5:31 | Encolar | Villager (Male) |
| 5:32 | Encolar | Villager (Male) |
| 5:32 | Encolar | Villager (Male) |
| 6:31 | Construir | Mill |
| 6:47 | Encolar | Villager (Male) |
| 6:47 | Encolar | Villager (Male) |
| 7:36 | Encolar | Villager (Male) |
| 7:36 | Encolar | Villager (Male) |
| 8:48 | Construir | Mining Camp |
| 9:21 | Investigar | Feudal Age |
| 10:19 | Construir | Palisade Wall |
| 11:31 | Edad | Edad Feudal |
| 11:36 | Investigar | Double-Bit Axe |
| 11:37 | Investigar | Horse Collar |
| 11:50 | Encolar | Villager (Male) |
| 11:54 | Encolar | Villager (Male) |
| 11:59 | Encolar | Villager (Male) |
| 12:23 | Construir | Stone Wall |
| 13:13 | Construir | Stone Wall |
| 13:32 | Construir | Stone Wall |
| 13:47 | Construir | Market |
| 14:31 | Construir | Blacksmith |
| 15:30 | Construir | Gate |
| 15:35 | Construir | Farm |
| 15:35 | Construir | Farm |
| 15:36 | Construir | Farm |
| 15:36 | Construir | Farm |
| 15:36 | Construir | Farm |
| 15:37 | Construir | Farm |
| 15:37 | Construir | Farm |
| 15:38 | Construir | Farm |
| 15:49 | Construir | Stone Wall |
| 15:56 | Encolar | Villager (Male) |
| 15:59 | Encolar | Villager (Male) |
| 15:59 | Encolar | Villager (Male) |
| 15:59 | Encolar | Villager (Male) |
| 16:31 | Construir | Farm |
| 16:31 | Construir | Farm |
| 16:32 | Construir | Farm |
| 16:33 | Construir | Farm |
| 16:33 | Construir | Farm |
| 17:55 | Investigar | Castle Age |
| 18:45 | Construir | Barracks |
| 19:39 | Construir | Stone Wall |
| 20:08 | Construir | Stable |
| 20:10 | Construir | Stable |
| 20:11 | Construir | Stable |
| 20:35 | Edad | Edad de los Castillos |
| 20:36 | Construir | Farm |
| 20:37 | Construir | Farm |
| 20:39 | Construir | Farm |
| 20:50 | Encolar | Villager (Male) |
| 20:50 | Encolar | Villager (Male) |
| 20:50 | Encolar | Villager (Male) |
| 20:51 | Encolar | Villager (Male) |
| 20:52 | Encolar | Villager (Male) |
| 20:52 | Encolar | Villager (Male) |
| 21:39 | Investigar | Bow Saw |
| 21:54 | Investigar | Heavy Plow |
| 22:12 | Investigar | Bloodlines |
| 22:13 | Investigar | Husbandry |
| 22:39 | Construir | Mining Camp |
| 22:58 | Encolar | Knight ×5 |
| 23:00 | Encolar | Knight ×3 |
| 23:09 | Encolar | Villager (Male) |
| 23:50 | Encolar | Monk |
| 24:02 | Encolar | Villager (Male) |
| 24:02 | Encolar | Villager (Male) |
| 24:12 | Construir | Stone Wall |
| 24:40 | Construir | Stone Wall |
| 24:59 | Investigar | Scale Barding Armor |
| 25:00 | Investigar | Forging |
| 25:06 | Encolar | Knight |
| 25:06 | Encolar | Knight |
| 25:37 | Construir | Gate |
| 25:41 | Encolar | Villager (Male) |
| 25:41 | Encolar | Villager (Male) |
| 25:42 | Encolar | Villager (Male) |
| 25:42 | Encolar | Villager (Male) |
| 25:42 | Encolar | Villager (Male) |
| 25:49 | Construir | Town Center |
| 26:25 | Construir | Mill |
| 26:35 | Encolar | Villager (Male) |
| 26:35 | Encolar | Villager (Male) |
| 26:36 | Encolar | Villager (Male) |
| 26:36 | Encolar | Villager (Male) |
| 26:36 | Encolar | Villager (Male) |
| 27:43 | Construir | Farm |
| 27:44 | Construir | Farm |
| 27:44 | Construir | Farm |
| 27:44 | Construir | Farm |
| 27:45 | Construir | Farm |
| 27:45 | Construir | Farm |
| 27:45 | Construir | Farm |
| 27:45 | Construir | Farm |
| 27:51 | Construir | Stone Wall |
| 27:57 | Encolar | Villager (Male) |
| 27:57 | Encolar | Villager (Male) |
| 27:57 | Encolar | Villager (Male) |
| 27:58 | Encolar | Villager (Male) |
| 27:58 | Encolar | Villager (Male) |
| 28:40 | Investigar | Wheelbarrow |
| 31:18 | Construir | Castle |
| 31:30 | Encolar | Villager (Male) |
| 31:31 | Encolar | Villager (Male) |
| 31:31 | Encolar | Villager (Male) |
| 31:31 | Encolar | Villager (Male) |
| 31:31 | Encolar | Villager (Male) |
| 31:35 | Encolar | Villager (Male) |
| 31:35 | Encolar | Villager (Male) |
| 31:36 | Encolar | Villager (Male) |
| 31:36 | Encolar | Villager (Male) |
| 31:46 | Investigar | Caravan |
| 31:47 | Encolar | Trade Cart ×5 |
| 31:48 | Encolar | Trade Cart ×3 |
| 32:07 | Construir | Lumber Camp |
| 32:15 | Encolar | Villager (Male) |
| 32:15 | Encolar | Villager (Male) |
| 32:15 | Encolar | Villager (Male) |
| 32:24 | Investigar | Chain Barding Armor |
| 32:35 | Encolar | Knight ×5 |
| 32:35 | Encolar | Knight ×5 |
| 32:35 | Encolar | Knight ×4 |
| 33:01 | Construir | Farm |
| 33:27 | Construir | Farm |
| 33:29 | Construir | Farm |
| 33:37 | Encolar | Knight ×3 |
| 33:37 | Encolar | Knight ×3 |
| 33:56 | Construir | Farm |
| 34:03 | Encolar | Knight |
| 34:14 | Construir | Farm |
| 34:25 | Encolar | Knight ×2 |
Build order — 拿起鼠标就是兵
Primeras 150 de 726 acciones detectadas
| 0:07 | Construir | House |
| 0:08 | Construir | House |
| 0:09 | Encolar | Villager (Male) ×5 |
| 0:36 | Investigar | Loom |
| 2:09 | Encolar | Villager (Male) |
| 2:15 | Construir | Lumber Camp |
| 2:18 | Encolar | Villager (Male) |
| 2:19 | Encolar | Villager (Male) |
| 3:16 | Construir | House |
| 3:18 | Construir | House |
| 3:20 | Construir | House |
| 3:27 | Encolar | Villager (Male) |
| 5:23 | Encolar | Villager (Male) |
| 5:25 | Encolar | Villager (Male) |
| 5:26 | Encolar | Villager (Male) |
| 5:26 | Encolar | Villager (Male) |
| 5:27 | Encolar | Villager (Male) |
| 5:27 | Encolar | Villager (Male) |
| 5:36 | Construir | Mill |
| 6:36 | Encolar | Villager (Male) |
| 6:54 | Construir | Mining Camp |
| 7:06 | Encolar | Villager (Male) |
| 7:16 | Construir | Mining Camp |
| 7:20 | Encolar | Villager (Male) |
| 7:24 | Encolar | Villager (Male) |
| 8:22 | Encolar | Villager (Male) |
| 8:55 | Encolar | Villager (Male) |
| 9:34 | Investigar | Feudal Age |
| 11:05 | Construir | Mill |
| 11:20 | Construir | Mill |
| 11:27 | Construir | Mill |
| 11:31 | Encolar | Villager (Male) |
| 11:38 | Edad | Edad Feudal |
| 11:42 | Construir | Blacksmith |
| 12:04 | Encolar | Villager (Male) |
| 12:06 | Encolar | Villager (Male) |
| 12:25 | Construir | Market |
| 13:14 | Encolar | Villager (Male) |
| 13:14 | Encolar | Villager (Male) |
| 13:51 | Encolar | Villager (Male) |
| 14:12 | Encolar | Villager (Male) |
| 14:30 | Encolar | Villager (Male) |
| 14:38 | Encolar | Villager (Male) |
| 15:23 | Investigar | Castle Age |
| 15:44 | Construir | Barracks |
| 16:05 | Construir | Mill |
| 16:15 | Encolar | Villager (Male) |
| 16:15 | Encolar | Villager (Male) |
| 16:18 | Investigar | Horse Collar |
| 16:20 | Investigar | Double-Bit Axe |
| 17:25 | Construir | House |
| 17:27 | Construir | House |
| 17:55 | Edad | Edad de los Castillos |
| 17:59 | Encolar | Monk |
| 18:05 | Construir | Archery Range |
| 18:32 | Construir | Castle |
| 18:38 | Construir | Town Center |
| 18:41 | Encolar | Villager (Male) |
| 18:45 | Encolar | Villager (Male) |
| 18:58 | Construir | Stable |
| 19:24 | Encolar | Villager (Male) |
| 19:42 | Construir | Farm |
| 19:43 | Construir | Farm |
| 19:45 | Construir | Farm |
| 19:46 | Construir | Farm |
| 19:47 | Construir | Farm |
| 19:51 | Encolar | Villager (Male) |
| 19:55 | Encolar | Villager (Male) |
| 19:58 | Construir | Farm |
| 20:05 | Construir | Stable |
| 20:08 | Encolar | Villager (Male) |
| 20:20 | Construir | Farm |
| 20:21 | Construir | Farm |
| 20:39 | Encolar | Villager (Male) |
| 20:55 | Construir | Farm |
| 20:55 | Construir | Farm |
| 20:57 | Construir | Farm |
| 21:00 | Construir | Farm |
| 21:11 | Investigar | Wheelbarrow |
| 21:31 | Construir | Farm |
| 21:31 | Construir | Farm |
| 21:47 | Construir | Lumber Camp |
| 21:51 | Encolar | Villager (Male) |
| 21:51 | Encolar | Villager (Male) |
| 22:01 | Construir | House |
| 22:04 | Construir | House |
| 22:05 | Construir | House |
| 22:08 | Construir | House |
| 22:09 | Construir | House |
| 22:10 | Construir | House |
| 22:15 | Encolar | Villager (Male) |
| 22:18 | Encolar | Villager (Male) |
| 22:20 | Encolar | Villager (Male) |
| 22:31 | Encolar | Villager (Male) |
| 22:31 | Encolar | Villager (Male) |
| 22:55 | Construir | Lumber Camp |
| 22:59 | Encolar | Villager (Male) |
| 22:59 | Encolar | Villager (Male) |
| 23:18 | Encolar | Villager (Male) |
| 23:18 | Encolar | Villager (Male) |
| 23:56 | Encolar | Villager (Male) |
| 23:56 | Encolar | Villager (Male) |
| 24:08 | Encolar | Villager (Male) |
| 24:08 | Encolar | Villager (Male) |
| 24:33 | Encolar | Villager (Male) |
| 24:40 | Investigar | Hand Cart |
| 25:11 | Construir | Town Center |
| 25:21 | Construir | House |
| 25:21 | Construir | House |
| 25:28 | Encolar | Villager (Male) |
| 25:29 | Encolar | Villager (Male) |
| 25:33 | Encolar | Villager (Male) |
| 25:47 | Construir | Farm |
| 25:48 | Construir | Farm |
| 25:50 | Construir | Farm |
| 25:50 | Construir | Farm |
| 25:53 | Encolar | Villager (Male) |
| 25:53 | Encolar | Villager (Male) |
| 26:09 | Construir | Town Center |
| 26:12 | Encolar | Villager (Male) |
| 26:12 | Encolar | Villager (Male) |
| 26:15 | Encolar | Villager (Male) |
| 26:15 | Encolar | Villager (Male) |
| 26:33 | Encolar | Villager (Male) |
| 26:33 | Encolar | Villager (Male) |
| 26:38 | Construir | Farm |
| 26:38 | Construir | Farm |
| 26:39 | Construir | Farm |
| 26:39 | Construir | Farm |
| 26:40 | Construir | Farm |
| 26:45 | Construir | Farm |
| 26:46 | Construir | Farm |
| 26:46 | Construir | Farm |
| 26:46 | Construir | Farm |
| 26:55 | Encolar | Villager (Male) |
| 26:55 | Encolar | Villager (Male) |
| 27:13 | Construir | House |
| 27:18 | Construir | House |
| 27:18 | Construir | House |
| 27:29 | Construir | Archery Range |
| 27:35 | Construir | Archery Range |
| 27:37 | Construir | Archery Range |
| 27:39 | Construir | Archery Range |
| 27:41 | Construir | Archery Range |
| 27:48 | Encolar | Villager (Male) |
| 27:52 | Investigar | Kamandaran |
| 27:58 | Encolar | Villager (Male) |
| 27:59 | Encolar | Villager (Male) |
| 28:13 | Encolar | Villager (Male) |
| 28:18 | Construir | Lumber Camp |
Build order — dddenes
Primeras 150 de 1334 acciones detectadas
| 0:04 | Encolar | Villager (Male) |
| 0:04 | Encolar | Villager (Male) |
| 0:04 | Encolar | Villager (Male) |
| 0:12 | Encolar | Villager (Male) |
| 0:12 | Encolar | Villager (Male) |
| 1:31 | Encolar | Villager (Male) |
| 1:58 | Encolar | Villager (Male) |
| 1:58 | Encolar | Villager (Male) |
| 2:22 | Encolar | Villager (Male) |
| 2:45 | Construir | Lumber Camp |
| 2:54 | Encolar | Villager (Male) |
| 2:54 | Encolar | Villager (Male) |
| 2:54 | Encolar | Villager (Male) |
| 3:32 | Encolar | Villager (Male) |
| 3:32 | Encolar | Villager (Male) |
| 3:33 | Encolar | Villager (Male) |
| 4:19 | Encolar | Villager (Male) |
| 4:20 | Encolar | Villager (Male) |
| 4:59 | Encolar | Villager (Male) |
| 4:59 | Encolar | Villager (Male) |
| 5:24 | Construir | Dock |
| 5:42 | Encolar | Villager (Male) |
| 5:42 | Encolar | Villager (Male) |
| 5:42 | Encolar | Villager (Male) |
| 6:09 | Investigar | Loom |
| 6:09 | Encolar | Villager (Male) |
| 6:10 | Encolar | Villager (Male) |
| 6:23 | Construir | Mining Camp |
| 6:47 | Construir | Mill |
| 6:57 | Encolar | Villager (Male) |
| 6:57 | Encolar | Villager (Male) |
| 7:10 | Encolar | Fishing Ship |
| 7:34 | Encolar | Villager (Male) |
| 8:17 | Encolar | Villager (Male) |
| 8:17 | Encolar | Villager (Male) |
| 8:21 | Encolar | Fishing Ship |
| 8:22 | Encolar | Fishing Ship |
| 9:31 | Construir | Mill |
| 9:43 | Investigar | Feudal Age |
| 9:46 | Encolar | Fishing Ship |
| 9:46 | Encolar | Fishing Ship |
| 10:37 | Encolar | Villager (Male) |
| 10:37 | Encolar | Villager (Male) |
| 11:17 | Encolar | Fishing Ship |
| 11:18 | Encolar | Fishing Ship |
| 11:53 | Edad | Edad Feudal |
| 12:56 | Encolar | Villager (Male) |
| 13:07 | Construir | Blacksmith |
| 13:13 | Construir | Market |
| 13:20 | Encolar | Villager (Male) |
| 13:30 | Encolar | Demolition Raft |
| 13:30 | Encolar | Demolition Raft |
| 13:34 | Encolar | Fishing Ship |
| 13:34 | Encolar | Fishing Ship |
| 13:52 | Investigar | Horse Collar |
| 14:00 | Encolar | Villager (Male) |
| 14:17 | Investigar | Castle Age |
| 16:05 | Encolar | Villager (Male) |
| 16:05 | Encolar | Villager (Male) |
| 16:11 | Investigar | Tech 906 |
| 16:27 | Investigar | Gold Mining |
| 16:27 | Investigar | Stone Mining |
| 16:31 | Investigar | Double-Bit Axe |
| 17:02 | Encolar | Villager (Male) |
| 17:02 | Encolar | Villager (Male) |
| 17:05 | Edad | Edad de los Castillos |
| 17:06 | Encolar | Monk |
| 17:10 | Construir | Town Center |
| 17:28 | Construir | Town Center |
| 17:36 | Encolar | Villager (Male) |
| 17:42 | Construir | Mining Camp |
| 18:06 | Construir | Farm |
| 18:07 | Investigar | Heavy Plow |
| 18:12 | Encolar | Villager (Male) |
| 18:12 | Encolar | Villager (Male) |
| 18:12 | Encolar | Villager (Male) |
| 18:20 | Encolar | Monk |
| 18:35 | Construir | Farm |
| 18:58 | Construir | Farm |
| 19:00 | Construir | Farm |
| 19:04 | Construir | Farm |
| 19:05 | Construir | Farm |
| 19:07 | Construir | Farm |
| 19:10 | Encolar | Villager (Male) |
| 19:11 | Encolar | Villager (Male) |
| 19:15 | Construir | Farm |
| 19:35 | Encolar | Villager (Male) |
| 19:35 | Encolar | Villager (Male) |
| 19:35 | Encolar | Villager (Male) |
| 19:40 | Construir | Farm |
| 19:44 | Construir | Farm |
| 19:45 | Construir | Farm |
| 19:45 | Construir | Farm |
| 19:48 | Construir | Farm |
| 19:56 | Construir | Farm |
| 19:57 | Construir | Farm |
| 20:01 | Construir | Farm |
| 20:05 | Encolar | Villager (Male) |
| 20:05 | Encolar | Villager (Male) |
| 20:05 | Encolar | Villager (Male) |
| 20:05 | Encolar | Villager (Male) |
| 20:09 | Construir | Farm |
| 20:10 | Encolar | Villager (Male) |
| 20:10 | Encolar | Villager (Male) |
| 20:25 | Encolar | Villager (Male) |
| 20:26 | Encolar | Villager (Male) |
| 21:12 | Encolar | Villager (Male) |
| 21:12 | Encolar | Villager (Male) |
| 21:12 | Encolar | Villager (Male) |
| 21:12 | Encolar | Villager (Male) |
| 21:13 | Encolar | Villager (Male) |
| 21:13 | Encolar | Villager (Male) |
| 21:13 | Encolar | Villager (Male) |
| 21:36 | Encolar | Villager (Male) |
| 21:36 | Encolar | Villager (Male) |
| 21:57 | Construir | Town Center |
| 22:01 | Encolar | Villager (Male) |
| 22:02 | Encolar | Villager (Male) |
| 22:02 | Encolar | Villager (Male) |
| 22:02 | Encolar | Villager (Male) |
| 22:03 | Encolar | Villager (Male) |
| 22:03 | Encolar | Villager (Male) |
| 22:03 | Encolar | Villager (Male) |
| 22:16 | Encolar | Villager (Male) |
| 22:16 | Encolar | Villager (Male) |
| 22:30 | Investigar | Town Watch |
| 22:34 | Investigar | Wheelbarrow |
| 22:39 | Encolar | Villager (Male) |
| 22:39 | Encolar | Villager (Male) |
| 22:43 | Construir | Farm |
| 22:48 | Investigar | Fletching |
| 22:49 | Investigar | Padded Archer Armor |
| 22:52 | Encolar | Villager (Male) |
| 22:52 | Encolar | Villager (Male) |
| 22:52 | Encolar | Villager (Male) |
| 23:04 | Construir | Barracks |
| 23:08 | Construir | University |
| 23:13 | Encolar | Villager (Male) |
| 23:13 | Encolar | Villager (Male) |
| 23:35 | Encolar | Villager (Male) |
| 23:35 | Encolar | Villager (Male) |
| 23:35 | Encolar | Villager (Male) |
| 23:35 | Encolar | Villager (Male) |
| 24:12 | Construir | Farm |
| 24:13 | Construir | Farm |
| 24:15 | Construir | Farm |
| 24:17 | Encolar | Villager (Male) |
| 24:17 | Encolar | Villager (Male) |
| 24:18 | Encolar | Villager (Male) |
| 24:18 | Encolar | Villager (Male) |
Cronología de la partida
| 5:24 | dddenes · first_building Dock |
| 5:48 | Spicy Meatball · first_building Barracks |
| 7:16 | CDLP_Themachine · first_building Dock |
| 8:27 | Spicy Meatball · first_building Dock |
| 9:16 | bertcoleman1010 · age_up feudal |
| 9:24 | mm_ken · first_building Dock |
| 9:25 | Spicy Meatball · wall_segment Palisade Wall x13 |
| 9:47 | CDLP_Themachine · first_building Barracks |
| 9:59 | CDLP_Themachine · wall_segment Palisade Wall x1 |
| 10:19 | Emko · wall_segment Palisade Wall x14 |
| 10:52 | CDLP_Themachine · age_up feudal |
| 10:52 | TheWeirdStranger · first_building Barracks |
| 11:04 | CDLP_Themachine · first_building Archery Range |
| 11:31 | Emko · age_up feudal |
| 11:38 | 拿起鼠标就是兵 · age_up feudal |
| 11:44 | Spicy Meatball · age_up feudal |
| 11:53 | dddenes · age_up feudal |
| 12:05 | mm_ken · age_up feudal |
| 12:10 | TheWeirdStranger · age_up feudal |
| 12:11 | Spicy Meatball · wall_segment Palisade Wall x1 |
| 12:17 | CDLP_Themachine · wall_segment Palisade Wall x1 |
| 12:22 | CDLP_Themachine · wall_segment Palisade Wall x3 |
| 12:23 | Emko · wall_segment Stone Wall x9 |
| 13:13 | Emko · wall_segment Stone Wall x9 |
| 13:15 | CDLP_Themachine · wall_segment Palisade Wall x1 |
| 13:32 | Emko · wall_segment Stone Wall x12 |
| 13:54 | bertcoleman1010 · first_building Barracks |
| 13:56 | 拿起鼠标就是兵 · first_market_sell 100 wood |
| 13:59 | 拿起鼠标就是兵 · first_market_buy 100 food |
| 14:27 | mm_ken · first_building Barracks |
| 15:44 | 拿起鼠标就是兵 · first_building Barracks |
| 15:49 | Emko · wall_segment Stone Wall x15 |
| 16:11 | CDLP_Themachine · wall_segment Palisade Wall x3 |
| 17:05 | dddenes · age_up castle |
| 17:21 | bertcoleman1010 · first_market_buy 100 stone |
| 17:55 | 拿起鼠标就是兵 · age_up castle |
| 18:05 | 拿起鼠标就是兵 · first_building Archery Range |
| 18:32 | 拿起鼠标就是兵 · first_building Castle |
| 18:38 | Spicy Meatball · age_up castle |
| 18:45 | Emko · first_building Barracks |
| 18:56 | Spicy Meatball · wall_segment Stone Wall x7 |
| 18:58 | 拿起鼠标就是兵 · first_building Stable |
| 19:39 | Emko · wall_segment Stone Wall x9 |
| 20:08 | Emko · first_building Stable |
| 20:35 | Emko · age_up castle |
| 20:38 | TheWeirdStranger · age_up castle |
| 20:49 | CDLP_Themachine · age_up castle |
| 21:15 | TheWeirdStranger · first_market_buy 100 wood |
| 21:18 | bertcoleman1010 · first_building Stable |
| 22:01 | mm_ken · age_up castle |
| 22:13 | mm_ken · first_building Monastery |
| 22:32 | Spicy Meatball · first_market_buy 100 wood |
| 23:04 | dddenes · first_building Barracks |
| 24:12 | Emko · wall_segment Stone Wall x6 |
| 24:40 | Emko · wall_segment Stone Wall x26 |
| 24:47 | mm_ken · first_market_sell 100 wood |
| 24:48 | mm_ken · first_market_buy 100 stone |
| 24:54 | dddenes · first_building Archery Range |
| 25:05 | bertcoleman1010 · age_up castle |
| 25:17 | bertcoleman1010 · first_building Castle |
| 26:18 | CDLP_Themachine · first_building Siege Workshop |
| 26:31 | TheWeirdStranger · wall_segment Stone Wall x4 |
| 26:31 | mm_ken · first_building Stable |
| 26:32 | TheWeirdStranger · wall_segment Stone Wall x4 |
| 26:37 | TheWeirdStranger · wall_segment Stone Wall x16 |
| 26:42 | TheWeirdStranger · wall_segment Stone Wall x3 |
| 26:44 | TheWeirdStranger · wall_segment Stone Wall x7 |
| 27:04 | Spicy Meatball · first_building Castle |
| 27:51 | Emko · wall_segment Stone Wall x12 |
| 27:54 | dddenes · first_building Stable |
| 28:15 | TheWeirdStranger · wall_segment Stone Wall x5 |
| 28:18 | TheWeirdStranger · wall_segment Stone Wall x6 |
| 28:45 | TheWeirdStranger · wall_segment Stone Wall x4 |
| 28:46 | TheWeirdStranger · wall_segment Stone Wall x4 |
| 29:23 | TheWeirdStranger · wall_segment Stone Wall x4 |
| 29:25 | TheWeirdStranger · wall_segment Stone Wall x4 |
| 29:28 | TheWeirdStranger · wall_segment Stone Wall x8 |
| 29:32 | TheWeirdStranger · wall_segment Stone Wall x10 |
| 29:36 | TheWeirdStranger · wall_segment Stone Wall x9 |
| 29:38 | TheWeirdStranger · wall_segment Stone Wall x10 |
| 29:46 | CDLP_Themachine · wall_segment Palisade Wall x12 |
| 29:50 | CDLP_Themachine · wall_segment Palisade Wall x5 |
| 29:50 | Spicy Meatball · wall_segment Stone Wall x12 |
| 29:52 | CDLP_Themachine · wall_segment Palisade Wall x2 |
| 29:58 | TheWeirdStranger · wall_segment Stone Wall x3 |
| 30:00 | TheWeirdStranger · wall_segment Stone Wall x4 |
| 30:02 | TheWeirdStranger · wall_segment Stone Wall x5 |
| 30:04 | TheWeirdStranger · wall_segment Stone Wall x1 |
| 30:05 | TheWeirdStranger · wall_segment Stone Wall x4 |
| 30:27 | Spicy Meatball · wall_segment Stone Wall x1 |
| 31:08 | Spicy Meatball · wall_segment Stone Wall x7 |
| 31:18 | Emko · first_building Castle |
| 31:35 | Spicy Meatball · age_up imperial |
| 32:07 | CDLP_Themachine · first_building Castle |
| 33:04 | Spicy Meatball · wall_segment Stone Wall x4 |
| 33:10 | TheWeirdStranger · wall_segment Stone Wall x15 |
| 33:34 | Spicy Meatball · first_building Archery Range |
| 34:02 | TheWeirdStranger · wall_segment Stone Wall x5 |
| 34:07 | TheWeirdStranger · wall_segment Stone Wall x4 |
| 34:13 | mm_ken · first_building Castle |
| 34:14 | TheWeirdStranger · wall_segment Stone Wall x4 |
| 34:16 | TheWeirdStranger · wall_segment Stone Wall x4 |
| 34:18 | TheWeirdStranger · wall_segment Stone Wall x2 |
| 34:19 | TheWeirdStranger · wall_segment Stone Wall x1 |
| 34:24 | TheWeirdStranger · wall_segment Stone Wall x14 |
| 34:29 | TheWeirdStranger · wall_segment Stone Wall x5 |
| 34:52 | TheWeirdStranger · tribute_sent a jugador 1 |
| 34:52 | TheWeirdStranger · tribute_sent a jugador 2 |
| 34:52 | TheWeirdStranger · tribute_sent a jugador 3 |
| 34:52 | TheWeirdStranger · tribute_sent a jugador 5 |
| 34:52 | TheWeirdStranger · tribute_sent a jugador 6 |
| 34:52 | TheWeirdStranger · tribute_sent a jugador 7 |
| 34:52 | TheWeirdStranger · tribute_sent a jugador 8 |
| 34:58 | dddenes · first_building Castle |
| 35:58 | TheWeirdStranger · first_building Castle |
| 36:19 | dddenes · age_up imperial |
| 36:27 | TheWeirdStranger · first_building Siege Workshop |
| 37:06 | 拿起鼠标就是兵 · first_building Siege Workshop |
| 38:01 | Emko · first_building Archery Range |
| 38:06 | 拿起鼠标就是兵 · age_up imperial |
| 39:35 | bertcoleman1010 · age_up imperial |
| 40:37 | TheWeirdStranger · age_up imperial |
| 40:57 | Emko · age_up imperial |
| 41:01 | bertcoleman1010 · first_market_sell 100 food |
| 41:55 | CDLP_Themachine · age_up imperial |
| 41:57 | mm_ken · age_up imperial |
| 42:49 | TheWeirdStranger · wall_segment Stone Wall x5 |
| 48:37 | bertcoleman1010 · first_building Siege Workshop |
| 55:17 | TheWeirdStranger · wall_segment Stone Wall x6 |
| 55:19 | TheWeirdStranger · wall_segment Stone Wall x4 |
| 55:27 | TheWeirdStranger · wall_segment Stone Wall x6 |
| 55:37 | TheWeirdStranger · wall_segment Stone Wall x5 |
| 58:35 | 拿起鼠标就是兵 · first_building Dock |
| 63:25 | Spicy Meatball · wall_segment Stone Wall x14 |
| 65:32 | Spicy Meatball · wall_segment Stone Wall x6 |
| 68:32 | Spicy Meatball · wall_segment Stone Wall x4 |
| 70:36 | TheWeirdStranger · tribute_sent a jugador 1 |
| 70:36 | TheWeirdStranger · tribute_sent a jugador 2 |
| 70:36 | TheWeirdStranger · tribute_sent a jugador 3 |
| 70:36 | TheWeirdStranger · tribute_sent a jugador 5 |
| 70:36 | TheWeirdStranger · tribute_sent a jugador 6 |
| 70:36 | TheWeirdStranger · tribute_sent a jugador 7 |
| 70:36 | TheWeirdStranger · tribute_sent a jugador 8 |
| 70:41 | CDLP_Themachine · wall_segment Stone Wall x14 |
| 70:45 | bertcoleman1010 · first_building Archery Range |
| 72:35 | CDLP_Themachine · wall_segment Stone Wall x11 |
| 76:02 | CDLP_Themachine · wall_segment Stone Wall x30 |
| 76:18 | Spicy Meatball · first_market_sell 500 wood |
| 78:27 | TheWeirdStranger · tribute_sent a jugador 1 |
| 78:27 | TheWeirdStranger · tribute_sent a jugador 2 |
| 78:27 | TheWeirdStranger · tribute_sent a jugador 3 |
| 78:27 | TheWeirdStranger · tribute_sent a jugador 5 |
| 78:27 | TheWeirdStranger · tribute_sent a jugador 6 |
| 78:27 | TheWeirdStranger · tribute_sent a jugador 7 |
| 78:27 | TheWeirdStranger · tribute_sent a jugador 8 |
| 79:36 | mm_ken · first_building Archery Range |
| 80:21 | TheWeirdStranger · first_market_sell 500 wood |
| 80:23 | Emko · wall_segment Stone Wall x12 |
| 81:39 | CDLP_Themachine · wall_segment Stone Wall x17 |
| 82:50 | CDLP_Themachine · wall_segment Stone Wall x23 |
| 84:16 | CDLP_Themachine · first_market_sell 100 food |
| 84:17 | CDLP_Themachine · first_market_buy 100 stone |
| 85:23 | TheWeirdStranger · tribute_sent a jugador 1 |
| 85:23 | TheWeirdStranger · tribute_sent a jugador 2 |
| 85:23 | TheWeirdStranger · tribute_sent a jugador 3 |
| 85:23 | TheWeirdStranger · tribute_sent a jugador 5 |
| 85:23 | TheWeirdStranger · tribute_sent a jugador 6 |
| 85:23 | TheWeirdStranger · tribute_sent a jugador 7 |
| 85:23 | TheWeirdStranger · tribute_sent a jugador 8 |
| 85:40 | CDLP_Themachine · wall_segment Stone Wall x3 |
| 86:06 | mm_ken · wall_segment Stone Wall x4 |
| 93:23 | Emko · tribute_sent a jugador 1 |
| 93:23 | Emko · tribute_sent a jugador 2 |
| 93:23 | Emko · tribute_sent a jugador 3 |
| 93:23 | Emko · tribute_sent a jugador 4 |
| 93:23 | Emko · tribute_sent a jugador 5 |
| 93:23 | Emko · tribute_sent a jugador 7 |
| 93:23 | Emko · tribute_sent a jugador 8 |
| 98:26 | CDLP_Themachine · first_building Monastery |
| 101:16 | Emko · first_building Siege Workshop |
| 103:46 | Emko · tribute_sent a jugador 1 |
| 103:46 | Emko · tribute_sent a jugador 2 |
| 103:46 | Emko · tribute_sent a jugador 3 |
| 103:46 | Emko · tribute_sent a jugador 4 |
| 103:46 | Emko · tribute_sent a jugador 5 |
| 103:46 | Emko · tribute_sent a jugador 7 |
| 103:46 | Emko · tribute_sent a jugador 8 |
| 106:00 | CDLP_Themachine · wall_segment Stone Wall x18 |
| 106:46 | CDLP_Themachine · wall_segment Stone Wall x11 |
| 114:38 | Spicy Meatball · first_building Siege Workshop |
| 116:12 | CDLP_Themachine · resign |
[ ANÁLISIS IA · 1 CRÉDITO ]
¿Qué pasó realmente en esta partida?
Wolo.gg analiza cada decisión: build order, eco, micro, errores típicos por bracket. Análisis personalizado por WhatsApp o Discord en 30 segundos.
Guía civ
Maya
Perfil
CDLP_Themachine